Map: Orbital Shipyard

Players

McRiggins

  • Race: Zerg Zerg
  • League: Master

Miszu - Winner!

  • Race: Terran Terran
  • League: Master

VOD

Have the link to the VOD?

Description

Time

  • Played on: March 10, 2016, 6:05 p.m.
  • Length: 9:38
Show
View Real Time Build Order
Export as new Build Order

McRiggins Zerg 

Build Orders: Hatch First, Muta Ling Bane 

Get SALT Encoding   

  12  0:01  Drone  
  13  0:12  Overlord  
  13  0:18  Drone  
  14  0:30  Drone  
  14  0:31  Drone  
  16  0:35  Drone  
  17  0:49  Drone  
  18  0:57  Hatchery  
  18  1:03  Extractor, Drone  
  17  1:15  Spawning Pool  
  17  1:16  Drone  
  17  1:20  Drone  
  18  1:29  Drone  
  19  1:39  Overlord  
  19  2:01  Zergling x2  
  19  2:02  Zergling x2, Queen  
  19  2:05  Metabolic Boost  
  23  2:09  Queen, Drone  
  23  2:14  Drone  
  27  2:23  Drone  
  27  2:24  Drone  
  29  2:35  Drone x2  
  31  2:43  Queen  
  32  2:54  Zergling x6  
  32  2:55  Spine Crawler  
  33  3:07  Zergling x2  
  33  3:08  Queen  
  33  3:09  Overlord  
  33  3:10  Spine Crawler  
  35  3:23  Drone  
  35  3:29  Drone x5  
  40  3:36  Lair  
  40  3:42  Drone  
  40  3:43  Drone  
  42  3:54  Drone  
  43  3:56  Overlord, Extractor  
  43  3:57  Extractor  
  43  4:02  Extractor  
  40  4:11  Drone x3  
  40  4:12  Overlord  
  44  4:17  Drone x3  
  44  4:22  Queen  
  44  4:24  Drone x3  
  50  4:27  Overlord  
  51  4:38  Spire  
  50  4:55  Drone  
  50  4:56  Drone x6  
  56  5:11  Zergling x2  
  56  5:12  Zergling x10  
  60  5:15  Overlord x2  
  59  5:50  Mutalisk  
  59  5:51  Mutalisk x7  
  59  5:56  Mutalisk  
  75  5:59  Zerg Flyer Weapons Level 1  
  75  6:08  Drone x3  
  78  6:17  Mutalisk x2  
  82  6:40  Hatchery  
  82  6:47  Drone x3  
  82  6:51  Overlord x3  
  84  6:57  Overlord x2, Evolution Chamber  
  84  6:58  Baneling Nest, Extractor  
  84  7:01  Evolution Chamber  
  80  7:10  Drone  
  80  7:11  Drone x9  
  80  7:15  Hatchery  
  89  7:23  Zerg Melee Weapons Level 1  
  89  7:40  Zerg Ground Armor Level 1  
  89  7:41  Centrifical Hooks  
  89  7:42  Drone x3  
  89  7:43  Drone x5  
  97  7:55  Drone x3  
  97  7:57  Extractor  
  99  8:00  Hatchery  
  98  8:16  Drone  
  98  8:17  Drone x9  
  108  8:28  Drone  
  108  8:29  Drone x5  
  114  8:35  Overlord x3  
  114  8:39  Mutalisk x2  
  114  8:40  Mutalisk  
  120  8:44  Queen  
  120  8:45  Extractor  
  120  8:46  Extractor  
  119  8:48  Baneling  
  119  8:49  Baneling x8  
  119  8:53  Zergling x2  
  119  8:54  Zergling x8  
  119  8:55  Zergling x4  
  126  9:04  Zergling x6  
  126  9:05  Zergling x12  
  135  9:10  Zergling x4  
  134  9:19  Zergling x2  
Show
View Real Time Build Order
Export as new Build Order

Miszu Terran - Winner!

Build Orders: MMM Bio 

Get SALT Encoding   

  12  0:00  SCV  
  13  0:12  SCV  
  14  0:17  Supply Depot  
  14  0:24  SCV  
  15  0:39  SCV  
  15  0:40  Barracks  
  16  0:43  Refinery  
  16  0:51  SCV  
  17  0:59  Barracks  
  17  1:03  SCV  
  18  1:15  Barracks  
  18  1:20  SCV  
  19  1:28  Reaper  
  19  1:32  SCV  
  21  1:36  Refinery  
  22  1:47  Reaper  
  22  1:49  Supply Depot  
  22  1:52  Supply Depot  
  22  2:01  Orbital Command  
  22  2:05  Reaper  
  23  2:13  Reaper  
  24  2:19  Supply Depot  
  24  2:22  Reaper  
  25  2:37  Reaper  
  26  2:45  Reaper  
  26  2:46  SCV  
  28  2:54  Reaper  
  29  2:58  SCV  
  30  3:09  Reaper  
  31  3:18  Reaper  
  32  3:29  SCV  
  32  3:31  Command Center  
  35  3:49  SCV  
  35  3:53  Barracks Reactor  
  35  3:54  Barracks Tech Lab  
  35  3:55  Barracks Tech Lab  
  34  3:59  Command Center  
  34  4:01  SCV  
  35  4:14  SCV  
  36  4:17  Marine x2, Combat Shields  
  36  4:18  Stimpack  
  38  4:26  Factory, SCV  
  39  4:42  Marine x4, SCV  
  39  4:45  Orbital Command  
  44  4:54  SCV  
  45  5:00  Marine  
  45  5:05  Marine  
  45  5:06  Marine, SCV  
  49  5:13  Marine  
  50  5:14  SCV  
  50  5:16  Orbital Command  
  50  5:18  Marine  
  50  5:19  Starport, SCV  
  53  5:23  Marine  
  53  5:26  SCV  
  53  5:27  Marine  
  56  5:31  Marine, SCV, Factory Reactor  
  56  5:34  Refinery  
  58  5:36  Refinery  
  58  5:38  SCV  
  59  5:43  Supply Depot, SCV  
  59  5:44  SCV  
  61  5:50  SCV  
  61  5:53  Orbital Command  
  61  5:55  SCV  
  64  5:57  Marine x3  
  64  5:58  Marine  
  64  6:02  SCV  
  68  6:05  Engineering Bay  
  68  6:07  Engineering Bay, SCV  
  69  6:15  Marine, SCV  
  72  6:18  SCV  
  72  6:19  SCV  
  72  6:22  Supply Depot, Factory Tech Lab  
  72  6:24  Supply Depot  
  73  6:27  SCV  
  73  6:30  SCV  
  73  6:31  SCV  
  72  6:34  Marine  
  72  6:37  Marine, Medivac, Missile Turret x2  
  73  6:41  Marine  
  73  6:43  Marine  
  73  6:44  Medivac  
  73  6:45  SCV  
  78  6:49  SCV  
  78  6:52  Missile Turret  
  79  6:55  SCV  
  79  6:57  SCV  
  79  6:58  Marine x2  
  79  6:59  Marine  
  79  7:01  Marine  
  85  7:07  SCV  
  85  7:10  Medivac  
  85  7:11  SCV x2  
  85  7:13  Terran Infantry Armor Level 1  
  85  7:14  Terran Infantry Weapons Level 1, Medivac  
  91  7:17  Marine  
  91  7:19  SCV  
  93  7:35  Barracks  
  93  7:37  Barracks  
  93  7:40  Armory  
  93  7:43  Supply Depot  
  93  7:44  Supply Depot  
  93  7:56  Medivac x2, Marauder, SCV x2  
  101  7:59  Barracks  
  101  8:01  Barracks  
  101  8:04  Marine x3, Barracks, SCV  
  108  8:08  Supply Depot, SCV x2  
  108  8:12  Supply Depot  
  110  8:16  SCV  
  110  8:17  Marauder  
  110  8:20  SCV x2  
  110  8:22  Marine x2  
  110  8:23  Marauder, Concussive Shells  
  110  8:24  Barracks Reactor x2  
  116  8:28  SCV  
  116  8:30  Thor  
  116  8:32  SCV  
  124  8:37  Supply Depot  
  124  8:38  Supply Depot  
  124  8:39  Supply Depot, Marauder  
  124  8:40  Marine x2  
  128  8:44  Marine  
  128  8:45  Medivac  
  128  8:47  Barracks Reactor  
  131  8:50  Barracks Tech Lab  
  131  8:53  Barracks Reactor  
  131  8:57  Marine x2  
  131  9:00  Marauder  
  131  9:01  Marine x4  
  131  9:02  Marauder  
  141  9:15  Marine x2  
  143  9:18  Marine  
  143  9:19  Marine x2  
Tags
 
Add a new tag
Caveats
  • Supply blocks, unpowered buildings, or Contaminate may cause inaccurate times.
  • Supply counts are checked every 10 seconds.